Map: Submarine LE

Players

A.I. 1 (Very Easy)

  • Race: Zerg Zerg
  • Spawn Location: 5:00

Future - Winner!

  • Race: Terran Terran
  • League: Grandmaster
  • Spawn Location: 11:00

VOD

Have the link to the VOD?

Description

Time

  • Played on: Feb. 7, 2021, 5:15 p.m.
  • Length: 7:44
Show
View Real Time Build Order
Export as new Build Order

A.I. 1 (Very Easy) Zerg 

Build Orders: Pool Only 

Get SALT Encoding   

  12  0:01  Drone  
  13  0:12  Overlord  
  13  0:16  Drone  
  14  0:35  Spawning Pool  
  14  0:37  Extractor  
  14  0:39  Drone  
  13  0:46  Drone  
  14  0:52  Overlord  
  14  1:23  Zergling x2, Queen  
  17  1:31  Roach Warren  
  16  1:34  Drone  
  16  1:38  Extractor  
  16  1:42  Drone  
  17  1:51  Zergling x2  
  18  2:00  Drone  
  19  2:08  Drone  
  20  2:17  Drone  
  20  2:20  Zergling x2  
  22  2:27  Overlord  
  22  2:31  Drone  
  23  2:38  Drone  
  24  2:45  Drone  
  24  2:48  Roach  
  27  7:02  Zergling x2  
  23  7:12  Overlord x2  
  22  7:21  Overlord  
  12  7:27  Drone  
  12  7:28  Drone x2  
  5  7:30  Drone  
  5  7:31  Drone  
Show
View Real Time Build Order
Export as new Build Order

Future Terran - Winner!

Build Orders: Liberator Opening, Reaper Expand 

Get SALT Encoding   

  12  0:00  SCV  
  13  0:12  SCV  
  14  0:17  Supply Depot  
  14  0:24  SCV  
  15  0:38  SCV  
  15  0:39  Barracks  
  16  0:44  Refinery  
  16  0:50  SCV  
  17  1:02  SCV  
  18  1:14  SCV  
  19  1:27  Reaper, Orbital Command  
  20  1:38  Command Center  
  20  1:47  Supply Depot  
  20  1:52  SCV  
  21  1:59  Marine  
  22  2:05  SCV, Factory  
  23  2:14  Refinery  
  23  2:17  SCV  
  23  2:21  Barracks Reactor  
  24  2:29  SCV  
  25  2:41  SCV  
  26  2:51  Starport  
  26  2:52  Orbital Command  
  26  2:53  SCV  
  27  3:02  Hellion x2  
  27  3:05  SCV  
  32  3:06  Barracks Tech Lab  
  32  3:12  Supply Depot  
  32  3:17  SCV  
  32  3:18  SCV  
  34  3:24  Hellion x2  
  38  3:29  SCV, Liberator  
  38  3:30  SCV  
  43  3:40  Stimpack  
  43  3:41  Marine, SCV  
  43  3:42  SCV  
  43  3:45  Hellion  
  43  3:46  Hellion  
  50  3:53  Supply Depot, SCV  
  50  3:54  SCV  
  52  4:05  SCV  
  52  4:06  SCV  
  54  4:16  Command Center  
  54  4:18  SCV x2  
  54  4:19  Barracks  
  54  4:22  Barracks  
  56  4:24  Factory Reactor  
  56  4:30  Supply Depot, SCV x2  
  58  4:39  Engineering Bay  
  58  4:40  Engineering Bay  
  58  4:42  SCV x2  
  58  4:44  Starport Tech Lab  
  60  4:46  Supply Depot  
  60  4:49  Marine  
  61  4:54  SCV x2  
  61  4:56  Refinery  
  61  4:58  Refinery  
  63  5:06  SCV x2, Terran Infantry Weapons Level 1, Terran Infantry Armor Level 1  
  65  5:10  Marine x2  
  65  5:11  Starport Reactor  
  65  5:14  Marine x3  
  68  5:16  Siege Tank  
  68  5:18  SCV  
  68  5:19  SCV  
  75  5:25  Combat Shield  
  75  5:28  Orbital Command  
  75  5:30  SCV  
  75  5:32  SCV  
  75  5:34  Supply Depot  
  75  5:35  Marine x3  
  78  5:37  Marine  
  78  5:38  Marine  
  78  5:42  SCV  
  83  5:44  SCV  
  84  5:51  Siege Tank  
  84  5:52  Supply Depot  
  84  5:53  Orbital Command  
  84  5:54  SCV  
  84  5:56  SCV, Medivac  
  91  5:57  Supply Depot, Medivac  
  91  6:00  Marine x2  
  91  6:01  Marine  
  91  6:02  Marine  
  91  6:03  Marine  
  98  6:10  Armory, SCV  
  98  6:11  Supply Depot, SCV  
  99  6:17  Supply Depot  
  100  6:19  SCV  
  100  6:21  Marine x3  
  100  6:23  Marine, SCV x2  
  100  6:24  Marine  
  108  6:29  Siege Tank  
  108  6:32  SCV  
  112  6:35  SCV  
  112  6:36  SCV  
  114  6:43  Barracks  
  114  6:44  SCV, Barracks  
  114  6:45  Supply Depot x2  
  114  6:47  Marine x3, SCV  
  115  6:48  Marine, SCV  
  115  6:50  Marine  
  122  6:56  SCV  
  122  6:59  SCV  
  122  7:00  SCV, Medivac x2  
  129  7:01  Siege Tank  
  132  7:09  SCV, Refinery  
  132  7:11  SCV, Factory  
  132  7:12  SCV, Refinery  
  132  7:15  Supply Depot, Marine x5  
  135  7:16  Supply Depot  
  140  7:33  Barracks Reactor x2  
Tags
 
Add a new tag
Caveats
  • Supply blocks, unpowered buildings, or Contaminate may cause inaccurate times.
  • Supply counts are checked every 10 seconds.